 Dungeon Crawl Stone Soup version 0.21.1-1-g345015fe64 (webtiles) character file.

182 PikkenKukken the Ruffian (level 5, 0/53 HPs)
             Began as a Troll Monk on May 11, 2018.
             Was a Believer of Qazlal.
             Killed by nerve-wracking pain
             ... invoked by an orc priest
              (14 damage)
             ... on level 4 of the Dungeon.
             The game lasted 00:08:54 (2449 turns).

PikkenKukken the Ruffian (Troll Monk)               Turns: 2449, Time: 00:08:54

Health: 0/53       AC:  6    Str: 19    XL:     5   Next: 34%
Magic:  4/4        EV: 11    Int:  6    God:    Qazlal [**....]
Gold:   168        SH:  2    Dex: 13    Spells: 4/4 levels left

rFire    + . .     SeeInvis .     - Unarmed
rCold    + . .     Gourm    +   (no shield)
rNeg     . . .     Faith    .   a - +1 robe
rPois    .         Spirit   .   (helmet restricted)
rElec    .         Reflect  .   h - scarf {rC+ rF+}
rCorr    .         Harm     .   (gloves unavailable)
MR       .....                  (boots unavailable)
Stlth    +.........             (no amulet)
HPRegen  0.57/turn              (no ring)
MPRegen  0.09/turn              (no ring)

@: no status effects
A: large, unfitting armour, claws 3, fast metabolism 3, gourmand, regeneration
1, shaggy fur 1, tough skin 2
a: Upheaval, Renounce Religion


You were on level 4 of the Dungeon.
You worshipped Qazlal.
Qazlal was pleased with you.
You were completely stuffed.

You visited 1 branch of the dungeon, and saw 4 of its levels.

You collected 168 gold pieces.

Inventory:

Hand Weapons
 b - a +0 hunting sling
Missiles
 c - 163 stones (quivered)
 g - 18 arrows
Armour
 a - a +1 robe (worn)
 h - a scarf of resistance (worn)
Jewellery
 d - an uncursed amulet of magic regeneration
 e - a cursed ring of teleportation
 i - a +3 ring of dexterity {unknown}
 j - a +3 ring of evasion {unknown}
Scrolls
 k - a scroll of identify
 l - 2 scrolls of teleportation {unknown}
 o - 2 scrolls of immolation {unknown}
 t - a scroll of remove curse {unknown}
 w - a scroll of magic mapping {unknown}
Potions
 m - a potion of brilliance
 n - a potion of lignification {unknown}
 p - 2 potions of curing
 q - a potion of mutation {unknown}
 r - a potion of flight {unknown}
 s - a potion of resistance {unknown}
Books
 v - a book of Conjurations

   Spells                             Type                      Level
   a - Magic Dart                     Conjuration                  1
   b - Searing Ray                    Conjuration                  2
   c - Dazzling Spray                 Conjuration/Hexes            3
   d - Fulminant Prism                Conjuration/Hexes            4
   e - Force Lance                    Conjuration/Translocation    4
   f - Iskenderun's Mystic Blast      Conjuration                  4
Comestibles
 f - 5 rations
 u - 2 chunks of flesh


   Skills:
 + Level 3.1 Fighting
 + Level 1.8 Slings
 + Level 3.1 Dodging
 - Level 1.0 Stealth
 + Level 3.9 Unarmed Combat


You had 4 spell levels left.
You didn't know any spells.

Dungeon Overview and Level Annotations

Branches:
Dungeon (4/15)
 Temple: D:4-7

Altars:
Fedhas
Makhleb
Qazlal
Wu Jian
The Shining One

Shops:
D:4 }


Innate Abilities, Weirdness & Mutations

You are too large for most types of armour.
You have claws for hands.
Your metabolism is lightning-fast.
You like to eat raw meat.
Your natural rate of healing is unusually fast.
You are covered in fur. (AC +1)
You have very tough skin. (AC +2)


Message History

You scratch the orc.
The orc is heavily wounded.
The orc drinks a potion.
The orc is healed!
You closely miss the orc. The orc misses you.
You completely miss the orc. The orc hits you but does no damage.
You claw the orc!
You kill the orc!
Qazlal accepts your kill.
The orc priest invokes the aid of Beogh against you.
Beogh smites you!
You claw the ooze!
The ooze is severely wounded.
The ooze hits you.
* * * LOW HITPOINT WARNING * * *
You claw the ooze!
You kill the ooze!
Qazlal accepts your kill.
The orc priest calls down the wrath of Beogh upon you.
Pain shoots through your body!
You die...

.∩....(...+
.........#
....(...#
...(... ......#
..
o....####...#
#)##........#
#@##........#
#.##........#
#.##.......#
#..........#
###........#
#.........#
#.........#
#..<......#
#####.........#


You could see an orc priest.

Vanquished Creatures
  A hound (D:4)
  Jessica (D:3)
  An orc wizard (D:3)
  2 adders
  An ooze (D:4)
  A worm (D:2)
  3 dart slugs
  2 leopard geckos (D:3)
  8 orcs
  3 giant cockroaches (D:2)
  5 goblins
  4 hobgoblins
  2 jackals (D:2)
  A quokka (D:4)
  8 bats
  7 frilled lizards
  8 kobolds
  7 rats
65 creatures vanquished.

Notes
Turn   | Place    | Note
-------+----------+-------------------------------------------
     0 | D:1      | PikkenKukken the Troll Monk began the quest for the Orb.
     0 | D:1      | Reached XP level 1. HP: 22/22 MP: 0/0
   153 | D:1      | Reached XP level 2. HP: 29/29 MP: 1/1
   628 | D:2      | Found a glowing golden altar of the Shining One.
   628 | D:2      | Found a blossoming altar of Fedhas.
   641 | D:2      | Reached XP level 3. HP: 29/36 MP: 2/2
  1711 | D:3      | Reached skill level 1 in Slings
  1711 | D:3      | Reached XP level 4. HP: 38/44 MP: 3/3
  1887 | D:3      | Found an ornate altar of the Wu Jian Council.
  1972 | D:3      | Noticed Jessica
  1974 | D:3      | Killed Jessica
  1974 | D:3      | Reached XP level 5. HP: 53/53 MP: 4/4
  2024 | D:3      | Found a faded altar of an unknown god.
  2091 | D:3      | Found a stormy altar of Qazlal.
  2099 | D:3      | Became a worshipper of Qazlal Stormbringer
  2099 | D:3      | Reached * piety under Qazlal
  2099 | D:3      | Reached ** piety under Qazlal
  2106 | D:3      | Found a burning altar of Makhleb.
  2427 | D:4      | Found Guveerec's Gadget Emporium.
  2449 | D:4      | Killed from afar by an orc priest

Skill      XL: |  1  2  3  4 |
---------------+-------------+-----
Slings         | 1 |  1.8
Dodging        | 3 |  3.1
Fighting       | 3 |  3.1
Stealth        | |  1.0
Unarmed Combat | |  3.9

Action                   |  1- 3 |  4- 6 || total
-------------------------+-------+-------++-------
Melee: Unarmed           |    91 |    23 ||   114
       Punch             |     2 |       ||     2
 Fire: Hunting sling     |    44 |    38 ||    82
  Use: Potion            |     3 |       ||     3
       Scroll            |     3 |       ||     3
 Stab: Sleeping          |     2 |       ||     2
  Eat: Chunk             |    21 |     7 ||    28
Armor: Robe              |    41 |     6 ||    47
Dodge: Dodged            |    73 |    10 ||    83
Block: Other             |       |     1 ||     1
